 Dungeon Crawl Stone Soup version 0.29-a0-322-g68df515428 (webtiles) character file.

Game seed: 6849849577352582842

1 Hubjo the Grave Robber (level 1, 0/12 HPs)
             Began as a Deep Elf Wanderer on Apr 7, 2022.
             Frozen to death by an endoplasm (2 damage)
             ... on level 1 of the Dungeon.
             The game lasted 00:00:17 (161 turns).

Hubjo the Grave Robber (Deep Elf Wanderer)           Turns: 161, Time: 00:00:18

Health: 0/12       AC:  3    Str:  7    XL:     1   Next: 16%
Magic:  5/5        EV: 12    Int: 16    God:
Gold:   6          SH:  0    Dex: 16    Spells: 3/3 levels left

rFire   . . .      SeeInvis .   a - +0 dagger
rCold   . . .      Faith    .   (no shield)
rNeg    . . .      Spirit   .   e - +0 leather armour
rPois   .          Reflect  .   (no helmet)
rElec   .          Harm     .   (no cloak)
rCorr   .          Rampage  .   (no gloves)
Will    .....                   (no boots)
Stlth   +.........              (no amulet)
HPRegen 0.04/turn               (no ring)
MPRegen 0.09/turn               (no ring)

@: no status effects
A: no striking features
a: no special abilities


You were on level 1 of the Dungeon.
You visited 1 branch of the dungeon, and saw 1 of its levels.

You collected 6 gold pieces.

Inventory:

Hand Weapons
 a - a +0 dagger (weapon)
Missiles
 b - 4 throwing nets (quivered)
Armour
 e - a +0 leather armour (worn)
Wands
 c - a wand of flame (5)
Scrolls
 d - a scroll of teleportation
Potions
 f - 2 potions of mutation {unknown}


   Skills:
 * Level 1.6 Fighting
 + Level 3.6 Dodging
 * Level 0.1 Stealth
 + Level 1.5 Spellcasting
 + Level 3.6 Necromancy
 + Level 1.1 Evocations


You had 3 spell levels left.
You didn't know any spells.
Your spell library contained the following spells:

 Spells                   Type           Power      Damage    Failure   Level
 Sublimation of Blood     Necr           12%        N/A       11%         2
 Corpse Rot               Necr/Air       14%        N/A       24%         2


Dungeon Overview and Level Annotations

Branches:
Dungeon (1/15)

Altars:


Message History

You hit the endoplasm but do no damage.
The endoplasm is lightly wounded.
The endoplasm hits you.
You hit the endoplasm but do no damage.
The endoplasm is lightly wounded.
The endoplasm freezes you.
You are frozen.
You hit the endoplasm.
The endoplasm is severely wounded.
The endoplasm closely misses you.
You hit the endoplasm but do no damage.
The endoplasm is heavily wounded.
The endoplasm freezes you.
You are frozen.
* * * LOW HITPOINT WARNING * * *
You are too injured to fight recklessly!
You are too injured to fight recklessly!
You are too injured to fight recklessly!
You are too injured to fight recklessly!
An endoplasm is nearby!
An endoplasm is nearby!
An endoplasm is nearby!
An endoplasm is nearby!
You are too injured to fight recklessly!
You barely miss the endoplasm.
The endoplasm is heavily wounded.
The endoplasm barely misses you.
You barely miss the endoplasm.
The endoplasm is heavily wounded.
The endoplasm barely misses you.
You hit the endoplasm.
The endoplasm is severely wounded.
The endoplasm freezes you.
You are frozen.
* * * LOW HITPOINT WARNING * * *
You hit the endoplasm but do no damage.
The endoplasm is severely wounded.
The endoplasm freezes you.
You are frozen.
You die...

##### ... ## ... ..
♣.♣ #. ♣.♣ #.. #♣.♣#
# #..♣♣♣.♣.♣♣♣..#
#..J@.♣♣♣.....#
#..♣♣♣.♣.♣♣♣..# # #.
♣.♣# ♣.# .# .. ♣.♣
♣.# . ## #♣.♣# #♣.#)#
..♣♣♣..)♣♣♣..#.#
#...............#
###.#####..###..#####
....#####...........#


You could see an endoplasm.

Vanquished Creatures
  A ball python (D:1)
  A rat (D:1)
2 creatures vanquished.

Notes
Turn   | Place    | Note
-------+----------+-------------------------------------------
     0 | D:1      | Hubjo the Deep Elf Wanderer began the quest for the Orb.
     0 | D:1      | Hubjo set off with the following items: a +0 dagger, 4
                  | throwing nets, a wand of flame (5), a scroll of
                  | teleportation, a +0 leather armour; and the following
                  | spells available to memorise: Sublimation of Blood, Corpse
                  | Rot
     0 | D:1      | Reached XP level 1. HP: 12/12 MP: 5/5
   161 | D:1      | Frozen to death by an endoplasm

Illustrated notes

Levels and vault maps discovered:
D:1:      lemuel_arrival_funnel, layout_rooms, chequers_ecumenical_altar_simple,
          chequers_serial_rivers_large_b, minmay_crystal_room,
          minmay_stone_trees_medium

Action                   || total
-------------------------++-------
Melee: Dagger            ||    16
Dodge: Dodged            ||     8

Table legend: (Time is in decaauts)
 A = Elapsed time spent in this place.
 B = Non-inter-level travel time spent in this place.
 C = Inter-level travel time spent in this place.
 D = Time resting spent in this place.
 E = Time spent auto-exploring this place.
 F = Levels seen in this place.
 G = Mean time per level.
                   A        B        C        D        E       F      G
               +--------+--------+--------+--------+--------+-----+--------+
         Total |    161 |    161 |      0 |      0 |    135 |   1 |  161.0 |
       Dungeon |    161 |    161 |      0 |      0 |    135 |   1 |  161.0 |
               +--------+--------+--------+--------+--------+-----+--------+

Top non-repeatable levels by time:
     D:1: 161 daAuts
